 Dungeon Sprint DCSS version 0.24-a0-249-g2af7e83 (webtiles) character file.

Game seed: 5041605430022762199

60 MikeHunt the Shield-Bearer (level 4, -5/35 HPs)
             Began as a Formicid Fighter on Apr 13, 2019.
             Was an Initiate of Gozag.
             Splashed by an oklob sapling priest's acid (12 damage)
             ... in the Dungeon (Sprint IV: "Fedhas' Mad Dash").
             The game lasted 00:00:54 (74 turns).

MikeHunt the Shield-Bearer (Formicid Fighter)         Turns: 74, Time: 00:00:55

Health: -5/35      AC:  2    Str: 21    XL:     4   Next: 25%
Magic:  3/4        EV:  9    Int:  7    God:    Gozag
Gold:   60         SH: 11    Dex: 11    Spells: 3/3 levels left

rFire    . . .     SeeInvis +   a - +0 quarterstaff
rCold    . . .     Gourm    .   c - +0 shield
rNeg     . . .     Faith    .   b - +0 scale mail
rPois    .         Spirit   .   (helmet unavailable)
rElec    .         Reflect  .   (no cloak)
rCorr    .         Harm     .   (no gloves)
MR       .....                  (no boots)
Stlth    ..........             l - amulet of invisibility {+Inv}
HPRegen  0.11/turn              (no ring)
MPRegen  0.09/turn              (no ring)

@: corroded, very slightly contaminated, invisible (expiring)
A: permanent stasis, dig shafts and tunnels, four strong arms, antennae 3
a: Dig, Potion Petition, Call Merchant, Bribe Branch, Renounce Religion


You were in the Dungeon.
You worshipped Gozag.
Gozag was noncommittal.
You were not hungry.

You visited 1 branch You collected 60 gold pieces.

Inventory:

Hand Weapons
 a - a +0 quarterstaff (weapon)
Armour
 b - a +0 scale mail (worn)
 c - a +0 shield (worn)
Jewellery
 l - the amulet of invisibility (around neck) {+Inv}
   (You found it in the Dungeon)

   [amulet of nothing]

   It lets you turn invisible.
Scrolls
 k - a scroll of blinking
Potions
 d - a potion of might
 e - a potion of curing
 h - a potion of haste
 i - 2 potions of magic
 j - a potion of berserk rage
Comestibles
 f - a ration


   Skills:
 - Level 3.2 Fighting
 + Level 5.6 Staves
 - Level 3.2 Armour
 + Level 7.3 Shields


You had 3 spell levels left.
You didn't know any spells.
Your spell library was empty.

Dungeon Overview and Level Annotations

Branches:
Dungeon (1/1)

Altars:
Cheibriados
Dithmenos
Elyvilon
Gozag
Hepliaklqana
Kikubaaqudgha
Makhleb
Nemelex Xobeh
Okawaru
Qazlal
Ru
Sif Muna
Trog
Uskayaw
Vehumet
Wu Jian
Xom
Yredelemnul
Zin
The Shining One
Beogh
Jiyva
Lugonu

Annotations:
D exclusion: oklob sapling


Innate Abilities, Weirdness & Mutations

You cannot be hasted, slowed, berserked, paralysed or teleported.
You can dig through walls and to a lower floor.
Your four strong arms can wield two-handed weapons with a shield.
You have a pair of large antennae on your head. (SInv)


Message History

The oklob sapling priest spits acid at you.
The splash of acid hits you! The acid corrodes you!
You are splashed with acid!
* * * LOW HITPOINT WARNING * * *
You are too injured to fight recklessly!
You are too injured to fight recklessly!
You are too injured to fight recklessly!
You feel much better.
You catch the helpless oklob sapling priest completely off-guard!
You hit the oklob sapling priest.
The oklob sapling priest is moderately damaged.
The oklob sapling priest mumbles some strange prayers to its god against you.
Something smites you!
You hit the oklob sapling priest but do no damage.
The oklob sapling priest is moderately damaged.
The oklob sapling priest spits acid at you.
The splash of acid hits you!
* * * LOW HITPOINT WARNING * * *
The acid corrodes you!
You are splashed with acid!
You die...
Your body crumbles into a pile of gold.

########################
....#.....#.⌠._._._._.⌠.
$
....'.#.[.'.._._._._._..
$ $
....#.#...#..._.@P_._...
########+##.._._._._._..
$ $ #._._._._._.⌠.
${$############## $ { {
$ { { $$ $


You could see an oklob sapling priest.

Vanquished Creatures
  An oklob sapling (D)
  A worker ant (D)
  A river rat (D)
  A rat (D)
4 creatures vanquished.

Notes
Turn   | Place    | Note
-------+----------+-------------------------------------------
     0 | D        | MikeHunt the Formicid Fighter began the quest for the Orb.
     0 | D        | Reached XP level 1. HP: 18/18 MP: 1/1
    10 | D        | Reached skill level 5 in Shields
    10 | D        | Reached XP level 2. HP: 24/24 MP: 2/2
    20 | D        | Noticed an oklob sapling
    23 | D        | Killed an oklob sapling
    23 | D        | Reached skill level 6 in Shields
    23 | D        | Reached XP level 3. HP: 29/29 MP: 3/3
    26 | D        | Found the amulet of invisibility {+Inv}
    36 | D        | Reached skill level 5 in Staves
    36 | D        | Reached skill level 7 in Shields
    36 | D        | Reached XP level 4. HP: 33/35 MP: 4/4
    62 | D        | Found an opulent altar of Gozag.
    62 | D        | Found a hazy altar of Hepliaklqana.
    62 | D        | Found a roughly hewn altar of Beogh.
    62 | D        | Found a snail-covered altar of Cheibriados.
    63 | D        | Found a viscous altar of Jiyva.
    63 | D        | Found a burning altar of Makhleb.
    63 | D        | Found a sparkling altar of Nemelex Xobeh.
    63 | D        | Found a sacrificial altar of Ru.
    63 | D        | Found a deep blue altar of Sif Muna.
    63 | D        | Found a bloodstained altar of Trog.
    63 | D        | Found an ornate altar of the Wu Jian Council.
    63 | D        | Found a shimmering altar of Xom.
    63 | D        | Found a basalt altar of Yredelemnul.
    63 | D        | Noticed an oklob sapling priest
    64 | D        | Found an iron altar of Okawaru.
    64 | D        | Found a shadowy altar of Dithmenos.
    64 | D        | Found a glowing silver altar of Zin.
    65 | D        | Found an ancient bone altar of Kikubaaqudgha.
    65 | D        | Found a hide-covered altar of Uskayaw.
    66 | D        | Found a stormy altar of Qazlal.
    66 | D        | Found a white marble altar of Elyvilon.
    66 | D        | Found a glowing golden altar of the Shining One.
    67 | D        | Became a worshipper of Gozag Ym Sagoz the Greedy
    68 | D        | Found a radiant altar of Vehumet.
    68 | D        | Found a corrupted altar of Lugonu.
    74 | D        | Splashed by an oklob sapling priest's acid

Levels and vault maps discovered:
D:        dungeon_sprint_fedhas [sprint_temple]

Skill      XL: |  1  2  3 |
---------------+----------+-----
Staves         | 3 4 5 |  5.6
Shields        | 5 6 7 |  7.3
Fighting       | |  3.2
Armour         | |  3.2

Action                   |  1- 3 |  4- 6 || total
-------------------------+-------+-------++-------
Melee: Quarterstaff      |    19 |     3 ||    22
 Abil: Evoke Invisibilit |       |     1 ||     1
  Use: Potion            |       |     1 ||     1
 Stab: Invisible         |       |     1 ||     1
Armor: Scale mail        |     3 |       ||     3
Dodge: Dodged            |     5 |       ||     5
Block: Shield            |     6 |       ||     6

Table legend:
 A = Non-vault XP
 B = Vault XP
 C = Vault XP percentage of total XP
 D = Non-vault monster count
 E = Vault monster count
 F = Vault count percentage of total count
                 A         B        C        D         E       F
            +---------+---------+-------+---------+---------+-------
      Total |       0 |      87 | 100.0 |       0 |       4 | 100.0
            +---------+---------+-------+---------+---------+-------
          D |       0 |      87 | 100.0 |       0 |       4 | 100.0
            +---------+---------+-------+---------+---------+-------
